AoeStats
← _Orca_

Nomad

508740819Analyzed
3v3 RM · 7d ago on Sep 23, 2026· 65m 26s· 6 players
Game mode
Random Map
Map size
210×210
Population
200
Speed
Normal
Resources
Standard
Victory
Conquest
Starting age
Dark Age
Ending age
Imperial Age
RankedLock teamsTeams togetherTeam positionsShared explorationLock speedFull tech treeHidden civsTurbo modeCheats
Victory
Defeat
🇨🇿 Koreans · Czechia
1396
+12
🇧🇩 Danes · Bangladesh
1389
+12
🇭🇰 Goths · Hong Kong SAR China
1212
+20
🇷🇺 Huns · Russia
1329
-16
🇺🇸 Byzantines · United States
1297
-14
🇮🇪 Lithuanians · Ireland
1293
-14
RumHam
5:03 Loom
13:54 Feudal Age
15:00 Double-Bit Axe
21:06 Castle Age
18:51 Fishing Lines
22:07 Medium Warships
23:26 Gold Mining
24:33 Bow Saw
24:29 Gillnets
25:35 Stone Mining
28:32 Horse Collar
29:00 Siphons
34:46 Heavy Plow
36:09 Scale Barding Armor
36:14 Forging
40:31 Imperial Age
40:03 Wheelbarrow
40:11 Chain Barding Armor
40:53 Iron Casting
42:20 Hand Cart
43:02 Plate Barding Armor
44:18 Logistica
45:24 Elite Cataphract
46:27 Fletching
47:39 Chemistry
47:00 Ballistics
47:07 Conscription
49:04 Treadmill Crane
49:22 Murder Holes
49:26 Bodkin Arrow
50:12 Hoardings
51:52 Gold Shaft Mining
54:29 Bracer
54:08 Capped Ram
55:21 Bombard Tower
55:12 Greek Fire
56:26 Guilds
55:41 Light Cavalry
56:22 Husbandry
56:17 Siege Ram
56:32 Hussar
59:16 Heavy Camel Rider
59:22 Cavalier
60:38 Scale Mail Armor
60:42 Padded Archer Armor
60:32 Paladin
Langley^
11:09 Loom
13:25 Feudal Age
17:15 Castle Age
26:44 Scale Barding Armor
31:28 Chain Barding Armor
31:19 Forging
42:05 Imperial Age
41:42 Fletching
42:28 Iron Casting
43:40 Plate Barding Armor
49:39 Husbandry
49:49 Bloodlines
49:32 Cavalier
50:27 Double-Bit Axe
53:49 Elite Skirmisher
55:21 Bodkin Arrow
55:44 Padded Archer Armor
56:39 Ballistics
TPE-床上小旋風
3:45 Loom
15:27 Feudal Age
16:27 Double-Bit Axe
19:16 Castle Age
17:52 Gold Mining
18:00 Horse Collar
22:04 Bow Saw
22:51 Medium Warships
23:32 Town Watch
24:23 Wheelbarrow
24:39 Gold Shaft Mining
23:56 Stone Mining
27:23 Hand Cart
27:37 Fletching
29:20 Bodkin Arrow
30:08 Padded Archer Armor
30:31 Town Patrol
34:10 Imperial Age
31:58 Careening
32:01 Clinker Construction
32:25 Leather Archer Armor
32:17 Thumb Ring
33:22 Ballistics
33:15 Scale Barding Armor
33:22 Forging
33:44 Marauders
34:14 Bloodlines
34:06 Husbandry
34:45 Elite Tarkan
36:24 Chain Barding Armor
36:05 Bracer
36:33 Heavy Cavalry Archer
38:37 Plate Barding Armor
38:24 Heavy Plow
39:31 Parthian Tactics
40:11 Chemistry
40:24 Conscription
41:38 Iron Casting
44:28 Light Cavalry
45:27 Hussar
50:18 Blast Furnace
58:49 Elite Skirmisher
_Orca_
5:54 Loom
14:04 Feudal Age
19:09 Castle Age
19:33 Double-Bit Axe
19:29 Horse Collar
19:43 Stone Mining
21:39 Town Watch
28:31 Scale Mail Armor
30:46 Chain Mail Armor
31:30 Bow Saw
32:26 Wheelbarrow
32:32 Heavy Plow
34:20 Forging
34:44 Fletching
37:13 Squires
36:58 Arson
37:00 Gambesons
36:41 Hamask
37:59 Gold Mining
38:44 Stone Shaft Mining
39:17 Gold Shaft Mining
39:01 Hand Cart
43:03 Imperial Age
40:23 Elite Skirmisher
43:03 Bodkin Arrow
43:44 Iron Casting
43:10 Padded Archer Armor
46:25 Imperial Age
48:05 Conscription
47:09 Northmen's Fury
51:08 Heavy Scorpion
53:33 Iron Casting
55:10 Elite Jomsviking
58:09 Chemistry
57:30 Ballistics
59:33 Plate Mail Armor
60:04 Blast Furnace
60:16 Elite Varangian Guard
61:27 Bracer
63:20 Coinage
63:06 Capped Ram
64:57 Pikeman
65:04 Siege Ram
kaaaboooom
8:30 Loom
13:42 Feudal Age
16:38 Gold Mining
16:34 Double-Bit Axe
22:25 Castle Age
22:48 Pikeman
24:14 Medium Warships
24:40 Bow Saw
28:39 Scale Barding Armor
28:44 Forging
30:39 Bloodlines
31:56 Squires
32:15 Husbandry
32:39 Chain Barding Armor
35:34 Scale Mail Armor
39:07 Chain Mail Armor
43:20 Wheelbarrow
42:30 Town Watch
42:39 Fletching
49:48 Hand Cart
50:27 Iron Casting
54:12 Horse Collar
54:23 Stone Mining
58:08 Imperial Age
60:24 Blast Furnace
59:46 Conscription
61:52 Man-at-Arms
62:54 Long Swordsman
Bananaman651
5:05 Loom
15:27 Feudal Age
16:25 Fishing Lines
16:48 Double-Bit Axe
19:15 Castle Age
17:51 Gold Mining
17:54 Fletching
20:09 Medium Warships
20:12 Bow Saw
20:20 Gillnets
22:15 Wheelbarrow
23:46 Hand Cart
23:18 Town Watch
24:23 Careening
24:36 Bodkin Arrow
26:38 Ballistics
28:01 Clinker Construction
33:51 Stone Mining
33:55 Horse Collar
34:52 Gold Shaft Mining
38:44 Imperial Age
38:34 Murder Holes
39:34 Stone Shaft Mining
39:00 Elite War Wagon
39:43 Bracer
40:25 Conscription
43:06 Chemistry
42:17 Masonry
43:17 Two-Man Saw
42:18 Heavy Plow
43:16 Eupseong
43:01 Treadmill Crane
46:08 Scale Mail Armor
46:18 Forging
45:30 Pikeman
46:11 Squires
47:01 Halberdier
47:27 Arson
47:58 Chain Mail Armor
48:19 Iron Casting
49:38 Architecture
52:16 Siege Engineers
52:02 Arrowslits
53:17 Elite Fire Lancer
56:48 Plate Mail Armor
64:50 Scale Barding Armor
Connection lost

Rejoining the realm…

Still unreachable

The connection could not be restored.

Session expired

The server has moved on; the page needs a fresh start.